 Dungeon Crawl Stone Soup version 0.31-a0-1388-g4b2ba238e7 (webtiles) character file.

Game seed: 5124263828052108962

28 bmb222 the Trooper (level 3, 0/33 HPs)
             Began as a Ghoul Monk on Dec 24, 2023.
             Slain by Terence
             ... wielding a +0 mace
              (8 damage)
             ... on level 2 of the Dungeon.
             The game lasted 00:01:02 (690 turns).

bmb222 the Trooper (Ghoul Monk)                      Turns: 690, Time: 00:01:02

Health: 0/33       AC:  2    Str: 16    XL:     3   Next: 14%
Magic:  3/3        EV: 12    Int:  9    God:
Gold:   60         SH:  5    Dex: 11    Spells: 2/2 levels left

rFire   . .          .
                       - Unarmed
rCold   + . .        c - orb {light}
rNeg    + + +        a - +0 robe
rPois   ∞            (no helmet)
rElec   .            (no cloak)
rCorr   .            (no gloves)
SInv    .            (no boots)
Will    .....        f - amulet of reflection
Stlth   +            (no ring)
HPRegen 0.00/turn    (no ring)
MPRegen 0.08/turn

%: reflection
@: brilliant, inhibited regen, glowing
A: claws 1, cold resistance 1, negative energy resistance 3, inhibited
regeneration, torment resistance 2, devour on kill
a: no special abilities


You were on level 2 of the Dungeon.
You visited 1 branch of the dungeon, and saw 2 of its levels.

You collected 60 gold pieces.

Inventory:

Armour
 a - a +0 robe (worn)
 c - an orb of light (worn)
 e - a +2 kite shield
Jewellery
 f - an amulet of reflection (around neck)
Scrolls
 g - a scroll of noise
Potions
 b - 2 potions of ambrosia


   Skills:
 + Level 3.8 Fighting
 + Level 3.1 Dodging
 + Level 3.7 Unarmed Combat


You had 2 spell levels left.
You didn't know any spells.
Your spell library was empty.

Dungeon Overview and Level Annotations

Branches:
Dungeon (2/15)

Altars:

Annotations:
D:2 Terence


Innate Abilities, Weirdness & Mutations

You are immune to poison.
You have sharp fingernails.
Your flesh is cold resistant. (rC+)
You are immune to negative energy. (rN+++)
You do not regenerate when monsters are visible.
You are immune to unholy pain and torment.
You thrive by killing the living.


Message History

There are monsters nearby!
You scratch Terence but do no damage. Terence closely misses you.
There are monsters nearby!
You scratch Terence.
Terence is lightly wounded.
Terence hits you with a +0 mace.
You scratch Terence but do no damage.
Terence is lightly wounded.
Terence hits you with a +0 mace.
You scratch Terence but do no damage.
Terence is lightly wounded.
Terence hits you with a +0 mace!
* * * LOW HITPOINT WARNING * * *
You scratch Terence but do no damage.
Terence is lightly wounded.
Terence hits you with a +0 mace.
* * * LOW HITPOINT WARNING * * *
You barely miss Terence.
Terence is lightly wounded.
Terence closely misses you.
Unknown command.
You scratch Terence but do no damage.
Terence is lightly wounded.
Unknown command.
You aren't carrying any items that you can evoke.
It was a potion of brilliance.
You feel clever all of a sudden. Terence hits you with a +0 mace.
* * * LOW HITPOINT WARNING * * *
As you read the scroll labelled TUTYSHR KEGER, it crumbles to dust.
You feel aware of your surroundings.
It was a scroll of revelation.
Terence barely misses you.
Found a stone staircase leading down.
As you read the scroll labelled ZUFEAD UMUR, it crumbles to dust.
You hear a loud clanging noise!
It was a scroll of noise.
Terence hits you with a +0 mace.
* * * LOW HITPOINT WARNING * * *
Terence attacks as he pursues you! Terence hits you with a +0 mace!
You die...
Terence says, "That felt goooood."

*~,,,,,,,,,,+.........+..†....
*~,.....>####.........####...#
*~,.#.#.######......<## ##..#
*~*##.#########.<...## ##.#
***##.##########...## ##...
##.###########+## #....
##.###########.# #....
#...##########.# #....
#...S.gg.@@.##.#### #....
#...#####.........# #.###
#########.#.......# #.#
#########.#.#...#.# #.#
#########.#.##.##.#####.#
#########.#.............#
#########.#....##.#######
#########.##...##.#
#.........#


You could see Terence, 2 goblins and a ball python.

Vanquished Creatures
  2 dart slugs
  An endoplasm (D:1)
  A goblin (D:1)
  A hobgoblin (D:1)
  2 jackals (D:1)
  2 quokkas (D:1)
  3 ball pythons (D:1)
  4 bats
  A frilled lizard (D:1)
  2 kobolds (D:1)
  5 rats
24 creatures vanquished.

Notes
Turn   | Place    | Note
-------+----------+-------------------------------------------
     0 | D:1      | bmb222 the Ghoul Monk began the quest for the Orb.
     0 | D:1      | Reached XP level 1. HP: 19/19 MP: 1/1
   175 | D:1      | Reached XP level 2. HP: 24/26 MP: 2/2
   288 | D:1      | Found a faded altar of an unknown god.
   392 | D:1      | Reached XP level 3. HP: 29/33 MP: 3/3
   675 | D:2      | Noticed Terence
   690 | D:2      | Slain by Terence

Illustrated notes

Levels and vault maps discovered:
D:1:      amcnicky_arrival_double_pillar, layout_rooms, basic_ecumenical_altar,
          chequers_serial_rivers_micro_c
D:2:      layout_loops_corners, chequers_serial_rivers_micro_e, uniq_terence,
          uniq_sigmund

Skill      XL: |  1  2 |
---------------+-------+-----
Dodging        | 3 |  3.1
Fighting       | |  3.8
Unarmed Combat | |  3.7

Action                     || total
---------------------------++-------
  Melee: Unarmed           ||    67
    Use: Scroll            ||     2
         Potion            ||     1
 Armour: Robe              ||    41
  Dodge: Dodged            ||    42

Table legend: (Time is in decaauts)
 A = Elapsed time spent in this place.
 B = Non-inter-level travel time spent in this place.
 C = Inter-level travel time spent in this place.
 D = Time resting spent in this place.
 E = Time spent auto-exploring this place.
 F = Levels seen in this place.
 G = Mean time per level.
                   A        B        C        D        E       F      G
               +--------+--------+--------+--------+--------+-----+--------+
         Total |    684 |    666 |     18 |      0 |    513 |   2 |  342.0 |
       Dungeon |    684 |    666 |     18 |      0 |    513 |   2 |  342.0 |
               +--------+--------+--------+--------+--------+-----+--------+

Top non-repeatable levels by time:
     D:1: 563 daAuts
     D:2: 121 daAuts
